 Dungeon Crawl Stone Soup version 0.25-a0-697-g890751e744 (webtiles) character file.

Game seed: 416800731256579096, levelgen mode: deterministic

53116 toffzen the Brawler (level 14, 146/146 HPs)
             Began as a Troll Fighter on Mar 16, 2020.
             Was the Champion of Elyvilon.
             Quit the game on level 6 of the Lair of Beasts on Apr 1, 2020.
             The game lasted 00:55:29 (20947 turns).

toffzen the Brawler (Troll Fighter)                Turns: 20947, Time: 00:55:30

Health: 146/146    AC: 11    Str: 27    XL:     14   Next: 29%
Magic:  13/13      EV: 14    Int:  4    God:    Elyvilon [******]
Gold:   1524       SH: 12    Dex: 13    Spells: 13/13 levels left

rFire    + . .     SeeInvis .     - Unarmed
rCold    . . .     Gourm    +   B - +0 kite shield
rNeg     . . .     Faith    .   a - +0 robe
rPois    .         Spirit   .   t - +1 hat
rElec    .         Reflect  .   (no cloak)
rCorr    .         Harm     .   (gloves unavailable)
MR       +....                  (boots unavailable)
Stlth    +.........             (no amulet)
HPRegen  0.74/turn              u - +4 ring of protection
MPRegen  0.13/turn              Y - ring of protection from fire

@: studying Staves
A: large, unfitting armour, claws 3, fast metabolism 3, gourmand, regeneration
1, shaggy fur 1, tough skin 3
a: Lesser Healing, Heal Other, Purification, Greater Healing, Divine Vigour,
Divine Protection, Renounce Religion


You were on level 6 of the Lair of Beasts.
You worshipped Elyvilon.
Elyvilon was exalted by your worship.
You were very full.

You visited 3 branches of the dungeon, and saw 17 of its levels.
You also visited: Sewer and Bailey.

You collected 1524 gold pieces.

Inventory:

Hand Weapons
 b - a +0 hunting sling
 c - the +2 dagger of the Goat {protect, rElec rPois}
   (You found it on level 2 of the Lair of Beasts)

   It grants its wielder temporary protection when it strikes (+7 to AC).
   It insulates you from electricity.
   It protects you from poison.
 x - the +8 flail "Vair" {flame, rN+ Int+3}
   (You found it on level 5 of the Lair of Beasts)

   It has been specially enchanted to burn those struck by it, causing extra
   injury to most foes and up to half again as much damage against particularly
   susceptible opponents.
   It affects your intelligence (+3).
   It protects you from negative energy.
 W - a +2 hand crossbow of freezing
Missiles
 j - 382 stones
 m - 91 boomerangs (quivered)
 r - 101 sling bullets
 w - 8 curare-tipped darts
 C - 7 javelins
 S - 2 throwing nets
Armour
 a - a +0 robe (worn)
 t - a +1 hat (worn)
 B - a +0 kite shield (worn)
Jewellery
 u - a +4 ring of protection (left claw)
 K - an uncursed ring of flight {unknown}
 N - an uncursed ring of see invisible
 P - a +1 ring of protection
 R - an uncursed ring of protection from magic
 U - an uncursed ring of protection from magic
 Y - a ring of protection from fire (right claw)
Wands
 n - a wand of disintegration (6)
 y - a wand of acid (2)
 A - a wand of digging (25)
 D - a wand of polymorph (7)
 G - a wand of paralysis (7)
 Q - a wand of enslavement (11)
 X - a wand of iceblast (15)
Scrolls
 e - 4 scrolls of immolation
 h - 13 scrolls of remove curse
 k - 10 scrolls of teleportation
 p - 3 scrolls of magic mapping
 s - 5 scrolls of fear
 E - a scroll of fog
 L - 2 scrolls of enchant armour
 O - a scroll of blinking
Potions
 f - 3 potions of flight
 g - 16 potions of curing
 i - a potion of lignification
 l - 3 potions of might
 o - 3 potions of mutation
 q - a potion of invisibility
 v - 4 potions of heal wounds
 z - 4 potions of magic
 F - 2 potions of stabbing
 I - a potion of haste
 J - 3 potions of resistance
 M - 2 potions of ambrosia
 T - a potion of cancellation
 V - 2 potions of berserk rage
Books
 H - a manual of Staves
Miscellaneous
 Z - a phantom mirror
Comestibles
 d - 36 rations


   Skills:
 + Level 11.3 Fighting
 + Level 8.6 Dodging
 + Level 10.0 Shields
 + Level 15.3 Unarmed Combat


You had 13 spell levels left.
You didn't know any spells.
Your spell library contained the following spells:

 Spells                   Type           Power        Failure   Level  Hunger
 Animate Skeleton         Necr           N/A          50%         1    ##.....
 Pain                     Necr           #...         50%         1    ##.....
 Ignite Poison            Fire/Tmut/Pois #.......     86%         3    ####...
 Vampiric Draining        Necr           #.........   86%         3    ####...
 Animate Dead             Necr           N/A          99%         4    #####..
 Agony                    Necr           #.......     100%        5    ######.
 Bolt of Magma            Conj/Fire/Erth #.........   100%        5    ######.
 Fireball                 Conj/Fire      #.........   100%        5    ######.
 Iskenderun's Battlesphe  Conj/Chrm      #.......     100%        5    ######.
 Iron Shot                Conj/Erth      #.........   100%        6    #######
 Starburst                Conj/Fire      #.........   100%        6    #######
 Orb of Destruction       Conj           #.........   100%        7    #######
 Ring of Flames           Chrm/Fire      #.........   100%        7    #######
 Spellforged Servitor     Conj/Summ      #.........   100%        7    #######
 Ignition                 Fire           #.........   100%        8    #######


Dungeon Overview and Level Annotations

Branches:
Dungeon (10/15)            Temple (1/1) D:4            Lair (6/6) D:10
 Shoals (0/4) Lair:4       Spider (0/4) Lair:2        Slime (0/5) Lair:6
  Sewer (visited)          Bailey (visited)
    Orc: D:9-12

Altars:
Ashenzari
Cheibriados
Dithmenos
Elyvilon
Fedhas
Gozag
Hepliaklqana
Kikubaaqudgha
Makhleb
Nemelex Xobeh
Okawaru
Qazlal
Ru
Sif Muna
Trog
Uskayaw
Vehumet
Wu Jian
Xom
Yredelemnul
Zin
The Shining One

Shops:
D:5 *

Annotations:
D:7 1 runed translucent door, Crazy Yiuf
D:8 2 exclusions
D:9 exclusion: door
Lair:2 exclusion: 2 oklob plants


Innate Abilities, Weirdness & Mutations

You are too large for most types of armour.
You have claws for hands.
Your metabolism is lightning-fast.
You like to eat raw meat.
Your natural rate of healing is unusually fast.
You are covered in fur. (AC +1)
You have extremely tough skin. (AC +3)


Message History

The polar bear is almost dead.
The polar bear goes berserk!
You claw the polar bear!
You kill the polar bear!
No target in view!
No target in view!
No target in view!
d - 33 rations (gained 1)
Q - a wand of enslavement (11) (gained 2 charges) HP restored.
d - 34 rations (gained 1)
You see here a cloak.
d - 35 rations (gained 1)
You see here a morningstar.
d - 36 rations (gained 1)
h - 13 scrolls of remove curse (gained 1) Done exploring.
Quiver which item? (- for none, * to show all) (? for menu, Esc to quit)
Okay, then.
Are you sure you want to abandon this character and quit the game? (Confirm with "yes".)

####....###
#.##.(...P#
#.........#
#..#.....##
#..##.#..### ###
........##.###.#
............#..##
................##
##.#.....#.....#@#
....#....####..###
#...#..####....#
#......#.###P.P#
........## ##.##
.........# #.##
.....##..# #..#
...<.....# #..###
........## #..#.#


There were no monsters in sight!

Vanquished Creatures
  Gastronok (D:10)
  Snorg (Lair:5)
  6 hydras
  A catoblepas (Lair:4)
  A two-headed ogre (D:6)
  Urug (D:10)
  6 death yaks
  An unseen horror (D:5)
  An orc knight (Bailey)
  16 elephants
  3 black mambas
  9 spiny frogs
  A rime drake (Lair:2)
  5 komodo dragons
  10 polar bears (Lair:6)
  A raiju (Lair:6)
  A snapping turtle (Lair:4)
  25 blink frogs
  14 hippogriffs
  2 redbacks (Lair:2)
  32 yaks
  4 basilisks
  Grum (Lair:1)
  6 wargs (Lair:6)
  4 water moccasins
  16 hell hounds
  11 porcupines
  An orc warrior (D:7)
  2 ice beasts
  12 black bears
  7 ogres
  5 centaurs
  5 phantoms
  35 wolves
  10 crocodiles
  Blork the orc (D:3)
  A big kobold (Sewer)
  A wyvern zombie (D:9)
  18 bullfrogs
  5 scorpions
  3 killer bees (D:9)
  2 electric eels (Lair:4)
  6 howler monkeys
  3 crimson imps
  3 bullfrog zombies
  A centaur zombie (D:6)
  10 jellies
  9 orc wizards
  3 bullfrog skeletons
  2 orc priests
  8 hounds
  8 iguanas
  Ijyb (D:4)
  12 worker ants
  2 killer bee zombies
  2 hound skeletons
  2 worker ant zombies (D:5)
  Robin (D:2)
  16 adders
  16 gnolls
  A howler monkey skeleton (D:6)
  5 river rats (Sewer)
  3 shadow imps
  6 oozes
  An adder skeleton (D:4)
  An adder zombie (D:5)
  2 worms
  4 dart slugs
  5 leopard geckos
  15 orcs
  5 bats
  5 giant cockroaches
  23 hobgoblins
  A jackal (D:6)
  2 quokkas (D:3)
  5 ball pythons
  8 frilled lizards
  17 goblins
  2 jackal skeletons
  31 kobolds
  A quokka skeleton (D:6)
  23 rats
  A fungus (Lair:4)
560 creatures vanquished.

Vanquished Creatures (others)
  2 bushes (Lair:6)
  19 fungi
  27 plants
48 creatures vanquished.

Grand Total: 608 creatures vanquished

Notes
Turn   | Place    | Note
-------+----------+-------------------------------------------
     0 | D:1      | toffzen the Troll Fighter began the quest for the Orb.
     0 | D:1      | Reached XP level 1. HP: 22/22 MP: 0/0
   308 | D:1      | Reached XP level 2. HP: 29/29 MP: 1/1
   429 | D:1      | Reached skill level 3 in Unarmed Combat
   767 | D:2      | Reached XP level 3. HP: 32/36 MP: 2/2
   852 | D:2      | Noticed Robin
   866 | D:2      | Killed Robin
   887 | D:2      | Reached XP level 4. HP: 45/45 MP: 3/3
  1013 | D:2      | Reached skill level 4 in Unarmed Combat
  1992 | D:3      | Reached XP level 5. HP: 41/53 MP: 4/4
  2196 | D:3      | Found a glowing drain.
  2211 | Sewer    | Entered a sewer
  2406 | Sewer    | Reached skill level 5 in Unarmed Combat
  2613 | Sewer    | Reached XP level 6. HP: 62/62 MP: 5/5
  3353 | D:3      | Found a shimmering altar of Xom.
  3499 | D:4      | Reached skill level 6 in Unarmed Combat
  3539 | D:4      | Noticed Blork the orc
  3558 | D:3      | Killed Blork the orc
  3558 | D:3      | Reached XP level 7. HP: 41/71 MP: 6/6
  3804 | D:4      | Noticed Ijyb
  3828 | D:4      | Killed Ijyb
  3930 | D:4      | Reached skill level 7 in Unarmed Combat
  4005 | D:4      | Found a radiant altar of Vehumet.
  4171 | D:4      | Found a staircase to the Ecumenical Temple.
  4192 | Temple   | Entered the Ecumenical Temple
  4535 | Temple   | Became a worshipper of Elyvilon the Healer
  4759 | D:5      | Entered Level 5 of the Dungeon
  4935 | D:5      | Reached skill level 5 in Fighting
  4980 | D:5      | Found a stormy altar of Qazlal.
  5052 | D:5      | Reached XP level 8. HP: 77/80 MP: 7/7
  5121 | D:5      | Reached skill level 8 in Unarmed Combat
  5333 | D:5      | Killed an unseen horror
  5333 | D:5      | Reached skill level 9 in Unarmed Combat
  5499 | D:5      | Reached * piety under Elyvilon
  5520 | D:5      | Found Doathrif's Assorted Antiques.
  5551 | D:5      | Found an ornate altar of the Wu Jian Council.
  5878 | D:6      | Reached XP level 9. HP: 82/89 MP: 8/8
  6045 | D:6      | Reached skill level 10 in Unarmed Combat
  6133 | D:6      | Found a glowing silver altar of Zin.
  6183 | D:6      | Found a shadowy altar of Dithmenos.
  6195 | D:6      | Reached ** piety under Elyvilon
  6907 | D:6      | Noticed a two-headed ogre
  6916 | D:6      | Killed a two-headed ogre
  6916 | D:6      | Reached skill level 11 in Unarmed Combat
  7367 | D:7      | Reached XP level 10. HP: 89/102 MP: 9/9
  7403 | D:7      | Found an opulent altar of Gozag.
  7829 | D:7      | Found a runed translucent door.
  7830 | D:7      | Noticed Crazy Yiuf
  8472 | D:8      | Found an iron altar of Okawaru.
  8525 | D:8      | Found a hide-covered altar of Uskayaw.
  8636 | D:8      | Reached *** piety under Elyvilon
  9227 | D:9      | Reached skill level 12 in Unarmed Combat
  9266 | D:9      | Reached skill level 5 in Shields
  9305 | D:9      | Found a bloodstained altar of Trog.
  9710 | D:9      | Reached **** piety under Elyvilon
  9789 | D:9      | Found a shimmering blue altar of Sif Muna.
 10063 | D:10     | Entered Level 10 of the Dungeon
 10082 | D:10     | Upgraded the game from 0.25-a0-610-gd0df705f03 to
                  | 0.25-a0-614-g73ad250637
 10118 | D:10     | Noticed Urug
 10134 | D:10     | Killed Urug
 10410 | D:10     | Reached XP level 11. HP: 107/111 MP: 10/10
 10482 | D:10     | Found a staircase to the Lair.
 10546 | D:10     | Found a flagged portal.
 10562 | Bailey   | Entered a bailey
 10757 | Bailey   | Noticed an orc knight
 10915 | Bailey   | Identified a scroll of acquirement
 11279 | Bailey   | Killed an orc knight
 11395 | D:10     | Noticed Gastronok
 11414 | D:10     | Killed Gastronok
 11610 | D:10     | Upgraded the game from 0.25-a0-614-g73ad250637 to
                  | 0.25-a0-690-g234afa57d4
 11700 | Lair:1   | Entered Level 1 of the Lair of Beasts
 11739 | Lair:1   | Reached skill level 13 in Unarmed Combat
 11802 | Lair:1   | Noticed an eight-headed hydra
 11811 | Lair:1   | Killed an eight-headed hydra
 11941 | Lair:1   | Noticed Grum
 11973 | Lair:1   | Killed Grum
 12168 | Lair:1   | Noticed a five-headed hydra
 12176 | Lair:1   | Killed a six-headed hydra
 12282 | Lair:1   | Reached ***** piety under Elyvilon
 12609 | Lair:1   | Reached XP level 12. HP: 123/123 MP: 11/11
 12676 | Lair:1   | Reached skill level 5 in Dodging
 13672 | Lair:2   | Found a hole to the Spider Nest,
 14243 | Lair:2   | Got a fine dagger
 14244 | Lair:2   | Identified the +2 dagger of the Goat {protect, rElec rPois}
                  | (You found it on level 2 of the Lair of Beasts)
 15128 | Lair:3   | Reached skill level 14 in Unarmed Combat
 15353 | Lair:3   | Found a frozen archway,
 15394 | Lair:3   | Reached ****** piety under Elyvilon
 15640 | Lair:3   | Reached skill level 10 in Fighting
 16330 | Lair:4   | Reached XP level 13. HP: 133/133 MP: 12/12
 16776 | Lair:4   | Found a staircase to the Shoals,
 17537 | Lair:5   | Got a dazzling flail
 17538 | Lair:5   | Identified the +8 flail "Vair" {flame, rN+ Int+3} (You
                  | found it on level 5 of the Lair of Beasts)
 17646 | Lair:5   | Noticed Snorg
 17662 | Lair:5   | Killed Snorg
 18307 | Lair:6   | Entered Level 6 of the Lair of Beasts
 19233 | Lair:6   | Found a staircase to the Slime Pits,
 19257 | Lair:6   | Reached skill level 15 in Unarmed Combat
 19419 | Lair:6   | Upgraded the game from 0.25-a0-690-g234afa57d4 to
                  | 0.25-a0-697-g890751e744
 19829 | Lair:6   | Reached XP level 14. HP: 139/146 MP: 13/13
 20639 | Lair:6   | Reached skill level 10 in Shields
 20947 | Lair:6   | Quit the game

Levels and vault maps discovered:
D:1:      lightli_arrival_isolated_outpost, layout_loops_ring,
          minmay_octomino_e4
D:2:      layout_basic, first_ration, uniq_robin
D:3:      layout_loops_ring, nicolae_overflow_hidden_temple,
          cheibrodos_sewer_entry_drain, due_unseen_surprise
D:4:      layout_cave_pools, marbit_many_paths, minmay_temple_entry_statues,
          uniq_blork_the_orc, uniq_ijyb
D:5:      layout_loops_ring, overflow_temple_1_default,
          nicolae_qazlal_general_emergency, serial_shops, shop,
          minmay_manual_mandibuliform
D:6:      minmay_chambers_of_sixes, layout_loops_ring,
          nicolae_overflow_crystal_walls, lemuel_doored_altar, nzn_random_ring
D:7:      layout_loops_ring, lemuel_coloured_pillars_altar, grunt_ogre_cave,
          uniq_crazy_yiuf_cottage
D:8:      layout_basic, eat_drink_and_be_merry_uskayaw,
          kennysheep_okawaru_gauntlet
D:9:      minmay_opposing_rooms, layout_long_grid, kennysheep_mini_moat,
          minmay_crystal_room, led_sif_book
D:10:     layout_roguey, lair_entry_dummy, enter_bailey_2, uniq_urug,
          uniq_gastronok
Temple:   minmay_temple_forest_path
Lair:1:   layout_cave_pods, beast_lair_carwin_8, infiniplex_staircase_pool_2,
          uniq_grum
Lair:2:   layout_layer_cave, spider_nest_entry_webs,
          chequers_serial_rivers_small_a, lemuel_fruit_tree,
          minmay_lair_oklob_chamber, grunt_megastairs_3
Lair:3:   layout_regular_city, portal_ice_cave_entry_pillars_1, enter_volcano_3,
          beast_lair_carwin_5
Lair:4:   layout_roguey, minmay_shoals_entry_hut, serial_bayou_shore_a
Lair:5:   layout_hall_layers, chequers_serial_rivers_large_a, uniq_snorg
Lair:6:   hangedman_lair_caniforms_friends, layout_loops_ring,
          nicolae_slime_entry_slimehenge, minivault_19

Skill      XL: |  1  2  3  4  5  6  7  8  9 10 11 12 13 14 |
---------------+-------------------------------------------+-----
Unarmed Combat | 3 4 5 6 7 9 11 12 13 14 15 | 15.3
Fighting       | 3 4 5 6 7 8 9 10 11 | 11.3
Shields        | 4 5 7 8 9 10 | 10.0
Dodging        | 4 6 8 |  8.6

Action                   |  1- 3 |  4- 6 |  7- 9 | 10-12 | 13-15 || total
-------------------------+-------+-------+-------+-------+-------++-------
Melee: Unarmed           |   116 |   234 |   220 |   723 |   550 ||  1843
       Dagger            |       |       |       |       |    10 ||    10
       Morningstar       |       |       |       |       |     1 ||     1
 Fire: Hunting sling     |       |       |       |    41 |    13 ||    54
Throw: Stone             |       |     5 |       |       |       ||     5
       Boomerang         |       |       |       |     2 |       ||     2
Invok: Lesser Healing    |       |       |       |     5 |     1 ||     6
Evoke: Wand              |       |       |     4 |    12 |    23 ||    39
  Use: Scroll            |       |     7 |     3 |    18 |     2 ||    30
       Potion            |       |     1 |     3 |     2 |     3 ||     9
 Stab: Sleeping          |       |       |       |     3 |       ||     3
       Paralysed         |       |       |       |     3 |       ||     3
  Eat: Chunk             |    13 |    26 |    30 |    87 |    42 ||   198
Armor: Robe              |    28 |    69 |    42 |   130 |   117 ||   386
Dodge: Dodged            |    26 |    65 |    41 |   216 |   260 ||   608
Block: Kite shield       |    51 |    92 |    71 |   262 |   278 ||   754

Table legend:
 A = Non-vault XP
 B = Vault XP
 C = Vault XP percentage of total XP
 D = Non-vault monster count
 E = Vault monster count
 F = Vault count percentage of total count
                 A         B        C        D         E       F
            +---------+---------+-------+---------+---------+-------
      Total |   53264 |   22617 |  29.8 |     335 |     224 |  40.1
            +---------+---------+-------+---------+---------+-------
        D:1 |      26 |       7 |  21.2 |      16 |       3 |  15.8
        D:2 |     117 |      31 |  20.9 |      25 |      11 |  30.6
        D:3 |     103 |      99 |  49.0 |      16 |       3 |  15.8
        D:4 |     542 |      36 |   6.2 |      13 |       1 |   7.1
        D:5 |     488 |     830 |  63.0 |      16 |       4 |  20.0
        D:6 |    1134 |    1585 |  58.3 |      18 |      20 |  52.6
        D:7 |    1414 |     125 |   8.1 |      23 |       1 |   4.2
        D:8 |     422 |       0 |   0.0 |      12 |       0 |   0.0
        D:9 |    1460 |     654 |  30.9 |      22 |      11 |  33.3
       D:10 |    1032 |    3079 |  74.9 |      15 |       2 |  11.8
     Lair:1 |    7711 |    1610 |  17.3 |      35 |      11 |  23.9
     Lair:2 |    5388 |     788 |  12.8 |      17 |       4 |  19.0
     Lair:3 |    6063 |     645 |   9.6 |      24 |       5 |  17.2
     Lair:4 |    5542 |     259 |   4.5 |      19 |       1 |   5.0
     Lair:5 |    8415 |    1330 |  13.6 |      29 |       6 |  17.1
     Lair:6 |   13407 |   10448 |  43.8 |      35 |      59 |  62.8
      Sewer |       0 |     250 | 100.0 |       0 |      48 | 100.0
     Bailey |       0 |     841 | 100.0 |       0 |      34 | 100.0
            +---------+---------+-------+---------+---------+-------
